 Dungeon Crawl Stone Soup version 0.23.2-40-g277498a001 (webtiles) character file.

Game seed: 16734153509568974404

378 Marnok the Shield-Bearer (level 7, -3/52 HPs)
             Began as a Human Fighter on Oct 16, 2019.
             Slain by an orc priest
             ... wielding a +0 mace
              (8 damage)
             ... on level 4 of the Dungeon.
             The game lasted 00:11:26 (2678 turns).

Marnok the Shield-Bearer (Human Fighter)            Turns: 2678, Time: 00:11:26

Health: -3/52      AC:  7    Str: 18    XL:     7   Next: 4%
Magic:  7/7        EV:  9    Int:  9    God:
Gold:   163        SH:  9    Dex: 10    Spells: 6/6 levels left

rFire    x . .     SeeInvis .   a - +0 trident
rCold    + . .     Gourm    .   r - +0 shield
rNeg     . . .     Faith    .   t - +2 animal skin
rPois    .         Spirit   .   u - +1 helmet
rElec    .         Reflect  .   (no cloak)
rCorr    .         Harm     .   l - +0 pair of gloves
MR       .....                  (no boots)
Stlth    +.........             (no amulet)
HPRegen  0.17/turn              v - ring of ice
MPRegen  0.10/turn              (no ring)

@: very slightly contaminated, invisible
A: clumsy 1, mutation resistance 1, sense surroundings 1, no potion heal 1
a: no special abilities


You were on level 4 of the Dungeon.
You were hungry.

You visited 1 branch of the dungeon, and saw 4 of its levels.

You collected 163 gold pieces.

Inventory:

Hand Weapons
 a - a +0 trident (weapon)
 n - a +0 mace of protection
 s - a +2 spear of piercing
Armour
 l - a +0 pair of gloves (worn)
 r - a +0 shield (worn)
 t - a +2 animal skin (worn)
 u - a +1 helmet (worn)
Jewellery
 v - a ring of ice (left hand)
Wands
 d - a wand of polymorph (7)
Scrolls
 b - a scroll of noise {unknown}
 c - a scroll of teleportation {unknown}
 g - 3 scrolls of remove curse
 h - 3 scrolls of fog {unknown}
 j - a scroll of enchant armour {unknown}
 o - a scroll of immolation {unknown}
 p - a scroll of fear {unknown}
 q - a scroll of random uselessness {unknown}
 x - 2 scrolls of identify
Potions
 e - 2 potions of haste
 i - 4 potions of magic
Comestibles
 f - 6 rations


   Skills:
 + Level 3.6 Fighting
 + Level 4.3 Polearms
 + Level 4.2 Armour
 + Level 1.3 Dodging
 + Level 0.5 Stealth
 + Level 4.4 Shields


You had 6 spell levels left.
You didn't know any spells.
Your spell library contained the following spells:

 Spells                   Type           Power        Failure   Level  Hunger
 Magic Dart               Conj           #...         85%         1    ##.....
 Summon Small Mammal      Summ           #...         85%         1    ##.....
 Blink                    Tloc           N/A          94%         2    ###....
 Call Imp                 Summ           #.......     94%         2    ###....
 Slow                     Hex            #.......     94%         2    ###....
 Call Canine Familiar     Summ           #.......     99%         3    ####...
 Conjure Flame            Conj/Fire      #.......     99%         3    ####...
 Mephitic Cloud           Conj/Pois/Air  #.......     99%         3    ####...
 Summon Guardian Golem    Hex/Summ       #.......     99%         3    ####...
 Summon Ice Beast         Ice/Summ       #.......     100%        4    #####..
 Summon Lightning Spire   Summ/Air       #.......     100%        4    #####..


Dungeon Overview and Level Annotations

Branches:
Dungeon (4/15)
 Temple: D:4-7

Altars:


Innate Abilities, Weirdness & Mutations

You are clumsy. (Dex -2)
You are somewhat resistant to further mutation.
You passively map a small area around you.
Potions are less effective at restoring your health.


Message History

Things that are here:
a cursed -2 dagger; a +0 robe; an orc corpse You closely miss the orc priest.
The orc hits you with a +0 trident. The orc priest hits you with a +0 mace.
* * * LOW HITPOINT WARNING * * *
You closely miss the orc priest. The orc hits you with a +0 trident.
* * * LOW HITPOINT WARNING * * *
The phantom blinks!
You block the orc priest's attack.
You fade into invisibility!
The orc closely misses you.
The orc priest invokes the aid of Beogh against you.
Pain shoots through your body!
* * * LOW HITPOINT WARNING * * *
You closely miss the orc priest. The orc closely misses you.
You block the orc priest's attack.
You are feeling hungry.
You closely miss the orc priest. The orc hits you with a +0 trident.
* * * LOW HITPOINT WARNING * * *
The orc priest hits you with a +0 mace!
You die...

#...#. #.., . * * *
##.#...# ##.##.# *
..#.#.#.###...#.# , * *
#..............# ,
#.#.#.###...###* ,
#....#......... * *,
###.#.#.#.##.### * * *
#......###...######
#.#.#.#.#.#....)@o# * ,
,
.#.#.##.###.####o..(...
* .#.#.##.# #.# .......
, #.#.#.##.###.##*
.....$. *
..............[ W......
** ..#......<...#
.......
..#####..#...###
....... .).#
#.#.##....# .......
.#.##.###......###


You could see a phantom, an orc priest and an orc.

Vanquished Creatures
  Sigmund (D:2)
  3 orc wizards (D:4)
  Robin (D:3)
  6 adders
  3 oozes
  A worm (D:2)
  4 dart slugs
  A leopard gecko (D:1)
  An orc (D:3)
  2 giant cockroaches
  22 goblins
  4 hobgoblins
  10 jackals
  4 kobolds
  4 quokkas
  2 ball pythons (D:3)
  4 bats
  6 frilled lizards
  A quokka skeleton (D:4)
  6 rats
86 creatures vanquished.

Notes
Turn   | Place    | Note
-------+----------+-------------------------------------------
     0 | D:1      | Marnok the Human Fighter began the quest for the Orb.
     0 | D:1      | Reached XP level 1. HP: 18/18 MP: 1/1
   168 | D:1      | Reached XP level 2. HP: 24/24 MP: 2/2
   327 | D:1      | Reached XP level 3. HP: 28/29 MP: 3/3
  1060 | D:2      | Reached XP level 4. HP: 32/35 MP: 4/4
  1521 | D:2      | Noticed Sigmund
  1538 | D:2      | Killed Sigmund
  1538 | D:2      | Reached XP level 5. HP: 20/41 MP: 5/5
  1538 | D:2      | Reached XP level 6. HP: 23/47 MP: 6/6
  2014 | D:3      | Reached skill level 1 in Dodging
  2191 | D:3      | Noticed Robin
  2219 | D:3      | Killed Robin
  2638 | D:4      | Noticed a phantom
  2643 | D:4      | Gained mutation: You are clumsy. (Dex -2) [potion of
                  | mutation]
  2643 | D:4      | Gained mutation: You passively map a small area around you.
                  | [potion of mutation]
  2643 | D:4      | Gained mutation: Potions are less effective at restoring
                  | your health. [potion of mutation]
  2643 | D:4      | Gained mutation: You are somewhat resistant to further
                  | mutation. [potion of mutation]
  2657 | D:4      | Reached XP level 7. HP: 30/52 MP: 7/7
  2678 | D:4      | Slain by an orc priest

Skill      XL: |  1  2  3  4  5  6 |
---------------+-------------------+-----
Polearms       | 3 4 |  4.3
Armour         | 4 |  4.2
Shields        | 4 |  4.4
Dodging        | 1 |  1.3
Fighting       | |  3.6
Stealth        | |  0.5

Action                   |  1- 3 |  4- 6 |  7- 9 || total
-------------------------+-------+-------+-------++-------
Melee: Trident           |   112 |   230 |    18 ||   360
  Use: Potion            |       |     5 |     1 ||     6
       Scroll            |       |     3 |       ||     3
 Stab: Sleeping          |       |     2 |       ||     2
       Invisible         |       |       |     2 ||     2
  Eat: Chunk             |       |     6 |       ||     6
Armor: Scale mail        |    54 |    85 |       ||   139
       Animal skin       |       |    31 |     8 ||    39
Dodge: Dodged            |    31 |    96 |    11 ||   138
Block: Shield            |    47 |   171 |     8 ||   226
